Map: Torches LE

Players

IIIIIIIIIIII - Winner!

  • Race: Terran Terran
  • League: Diamond
  • Spawn Location: 1:00

LigerMaNN

  • Race: Zerg Zerg
  • League: Diamond
  • Spawn Location: 5:00

VOD

Have the link to the VOD?

Description

Time

  • Played on: June 8, 2025, 12:07 a.m.
  • Length: 9:49
Show
View Real Time Build Order
Export as new Build Order

IIIIIIIIIIII Terran - Winner!

Build Orders: Reaper Expand 

Get SALT Encoding   

  12  0:00  SCV  
  13  0:12  SCV  
  14  0:17  Supply Depot  
  14  0:24  SCV  
  15  0:38  SCV  
  15  0:40  Barracks  
  16  0:44  Refinery  
  16  0:51  SCV  
  17  1:03  SCV  
  18  1:16  SCV  
  19  1:28  Orbital Command, Reaper  
  20  1:44  Command Center  
  20  1:56  SCV  
  20  1:57  Supply Depot  
  20  2:01  Marine  
  22  2:08  SCV  
  23  2:15  Factory  
  23  2:20  SCV  
  24  2:26  Barracks Reactor  
  24  2:33  SCV  
  25  2:46  Command Center  
  25  2:48  SCV  
  26  2:56  Orbital Command  
  25  3:04  Barracks  
  25  3:07  SCV  
  25  3:12  Hellion  
  28  3:16  Hellion  
  30  3:21  Barracks Tech Lab  
  30  3:24  SCV x2  
  32  3:34  Hellion  
  34  3:36  Refinery  
  34  3:37  Hellion  
  34  3:38  SCV x2  
  38  3:47  Stimpack  
  38  3:50  SCV x2  
  38  3:51  Marine  
  41  4:03  Starport  
  41  4:05  SCV x2  
  41  4:06  Factory Reactor, Orbital Command  
  43  4:11  Marine x3  
  46  4:20  Supply Depot  
  45  4:31  Marine  
  45  4:32  Marine  
  46  4:44  Marauder  
  48  4:49  Marine x2  
  46  4:57  Orbital Command  
  38  5:02  Medivac  
  38  5:03  Medivac  
  38  5:05  Marine  
  42  5:07  Marine x2  
  40  5:16  Supply Depot  
  40  5:23  Marine, SCV x2  
  40  5:24  Factory Tech Lab  
  40  5:25  Marine x2  
  46  5:32  Orbital Command  
  46  5:35  SCV  
  45  5:40  Marine  
  46  5:43  Marine x2  
  46  5:45  Barracks  
  46  5:46  Barracks  
  46  5:47  Starport Reactor  
  48  6:00  Siege Tank  
  51  6:04  Barracks  
  51  6:07  SCV x3  
  54  6:19  SCV x2  
  54  6:20  Combat Shield  
  54  6:25  SCV  
  57  6:31  SCV x2  
  59  6:35  Engineering Bay  
  59  6:36  Engineering Bay  
  59  6:37  SCV  
  60  6:43  SCV  
  60  6:46  SCV, Barracks Reactor  
  60  6:48  Siege Tank  
  61  7:00  Supply Depot  
  61  7:01  Supply Depot, Barracks Tech Lab  
  61  7:05  Terran Infantry Weapons Level 1  
  61  7:06  Terran Infantry Armor Level 1  
  61  7:08  Marine x2  
  61  7:20  SCV  
  61  7:22  Marine x3, SCV x2  
  65  7:25  Marine x3  
  65  7:26  Marauder, Marine  
  65  7:29  Supply Depot  
  69  7:30  Supply Depot  
  69  7:33  Refinery x2  
  69  7:36  Armory  
  69  7:38  SCV  
  69  7:39  Marine, SCV  
  69  7:40  Marine x2, SCV  
  69  7:43  Marine x2  
  77  7:49  Marine x2  
  77  7:50  Marauder, Medivac  
  83  7:57  Marine x2  
  83  7:58  Marauder  
  87  8:01  Marine  
  88  8:09  Orbital Command  
  83  8:14  Marauder, Marine x3  
  83  8:15  Marine x2  
  83  8:19  Marauder, Marine  
  93  8:25  Supply Depot  
  93  8:26  Supply Depot, Siege Tank  
  96  8:32  SCV  
  96  8:33  SCV  
  98  8:35  Marauder, SCV  
  101  8:46  SCV, Medivac  
  101  8:48  Supply Depot, SCV  
  105  8:50  Supply Depot, Marine x2  
  105  8:51  Marine  
  105  8:54  SCV  
  109  9:06  SCV  
  109  9:07  SCV x2  
  112  9:14  Marine x3  
  115  9:19  Medivac x2  
  115  9:22  Marine x2  
  115  9:23  Marine x3  
  124  9:31  Marine  
Show
View Real Time Build Order
Export as new Build Order

LigerMaNN Zerg 

Build Orders: Hatch First 

Get SALT Encoding   

  12  0:00  Drone  
  13  0:12  Overlord  
  13  0:17  Drone  
  14  0:31  Drone x2  
  14  0:35  Drone  
  17  0:52  Hatchery  
  17  0:55  Drone  
  17  0:57  Drone  
  18  1:08  Extractor  
  17  1:13  Spawning Pool  
  17  1:15  Drone  
  17  1:19  Drone  
  18  1:28  Drone  
  19  1:44  Overlord  
  19  2:06  Zergling x6  
  19  2:07  Queen x2  
  26  2:10  Metabolic Boost  
  26  2:20  Drone x2  
  28  2:23  Drone  
  28  2:44  Overlord x2  
  28  2:45  Overlord  
  28  2:50  Roach Warren  
  27  3:02  Drone  
  27  3:03  Drone  
  27  3:05  Zergling x6  
  32  3:31  Roach x6  
  44  3:35  Roach  
  44  3:39  Roach  
  48  3:49  Overlord x2  
  48  3:53  Drone  
  48  3:55  Drone  
  50  4:09  Overlord x2  
  50  4:10  Drone  
  50  4:11  Drone  
  50  4:14  Drone  
  43  4:53  Zergling x8  
  43  4:54  Zergling x14  
  52  5:02  Ravager  
  52  5:04  Drone  
  43  5:20  Drone x3  
  46  5:22  Hatchery  
  45  5:35  Drone  
  45  5:36  Drone x2  
  45  5:37  Drone  
  45  5:38  Drone x3  
  45  5:39  Drone  
  45  5:40  Drone x2  
  45  5:41  Spore Crawler  
  54  5:43  Spore Crawler  
  54  5:44  Queen  
  54  5:45  Queen  
  53  5:59  Extractor  
  52  6:04  Roach x4  
  52  6:08  Roach x4  
  68  6:11  Roach  
  70  6:20  Pneumatized Carapace  
  63  7:14  Zergling x40  
  71  7:35  Queen x3  
  77  7:38  Drone x7  
  77  7:39  Drone x2  
  86  7:58  Drone x4  
  90  7:59  Overlord  
  72  8:23  Baneling Nest, Drone x7  
  72  8:26  Lair  
  78  8:32  Evolution Chamber  
  78  8:33  Evolution Chamber  
  76  8:41  Drone  
  76  8:42  Drone x2, Extractor  
  76  8:43  Drone x2  
  76  8:44  Extractor  
  79  8:52  Drone x3  
  82  8:57  Ravager x9  
  82  8:59  Overlord x3  
  82  9:02  Hatchery  
  90  9:10  Drone x3  
  90  9:12  Drone x2  
  95  9:30  Zergling x8  
  95  9:31  Zergling x8  
Tags
 
Add a new tag
Caveats
  • Supply blocks, unpowered buildings, or Contaminate may cause inaccurate times.
  • Supply counts are checked every 10 seconds.